Map: Automaton LE

Players

Piroxiljin

  • Race: Terran Terran
  • Spawn Location: 3:00

VOD

Have the link to the VOD?

Description

Time

  • Played on: Jan. 24, 2019, 10:20 a.m.
  • Length: 29:02
Show
View Real Time Build Order
Export as new Build Order

Piroxiljin Terran 

Build Orders:  

Get SALT Encoding   

  12  0:02  SCV  
  13  0:20  SCV  
  13  0:28  Supply Depot  
  14  0:38  SCV  
  15  0:51  Refinery  
  15  0:58  SCV  
  16  1:06  Barracks  
  16  1:15  SCV  
  17  1:32  SCV  
  18  1:48  SCV  
  19  2:05  SCV  
  19  2:08  Supply Depot  
  20  2:28  Factory  
  20  2:31  Marine  
  20  2:38  Orbital Command  
  21  3:02  Barracks Tech Lab  
  21  3:59  Supply Depot  
  21  4:21  Cyclone  
  21  4:24  SCV  
  21  4:28  Barracks Reactor  
  25  4:31  Refinery  
  24  4:41  SCV  
  25  4:58  SCV  
  26  5:01  Starport  
  26  5:15  SCV  
  27  5:29  Marine  
  28  5:30  Marine  
  29  5:58  Command Center  
  29  6:04  Starport Tech Lab  
  29  6:23  Barracks  
  29  6:24  Siege Tank  
  32  6:54  Marine  
  32  6:57  Marine  
  34  7:08  Medivac  
  36  7:18  SCV  
  37  7:31  Supply Depot  
  37  7:33  Supply Depot  
  37  7:34  Supply Depot  
  37  7:37  Supply Depot  
  37  7:56  Barracks Tech Lab  
  36  9:02  Unknown  
  36  9:21  SCV  
  36  9:22  Engineering Bay  
  37  9:38  SCV  
  38  9:55  SCV  
  38  9:57  SCV  
  40  10:06  Siege Tank  
  43  10:14  SCV  
  43  10:18  Terran Infantry Weapons Level 1  
  44  10:20  Armory  
  44  10:26  Armory  
  44  10:50  Orbital Command  
  44  11:06  Banshee  
  44  11:09  Cloaking Field  
  47  11:14  Marauder  
  47  11:18  Marine  
  47  11:19  Marine  
  51  11:27  Siege Tank  
  54  11:44  Marauder  
  56  12:00  Starport  
  56  12:10  Factory  
  56  12:12  Siege Tank  
  59  12:32  Viking  
  61  13:27  SCV  
  62  13:36  Refinery  
  62  13:40  Refinery  
  62  13:41  Terran Vehicle Weapons Level 1  
  62  13:44  SCV  
  57  14:01  SCV  
  58  14:25  Marauder  
  60  14:55  Marauder  
  59  15:13  SCV  
  60  15:26  Thor  
  66  15:30  SCV  
  66  15:33  Viking  
  69  15:47  SCV  
  69  15:48  Siege Tank x3  
  70  15:52  Marauder  
  72  16:04  SCV  
  73  16:21  SCV  
  73  16:26  Thor  
  80  16:38  SCV  
  81  16:54  Factory Tech Lab  
  81  17:14  Factory  
  81  17:16  Terran Vehicle And Ship Armor Level 1  
  81  17:19  Terran Ship Weapons Level 1  
  81  17:24  Siege Tank x3, Unknown  
  81  17:26  Cyclone  
  84  17:32  Raven  
  77  18:11  Cyclone  
  77  18:14  Thor  
  86  19:03  Cyclone  
  77  19:14  Siege Tank  
  76  19:25  Supply Depot  
  76  19:27  Supply Depot  
  76  19:30  Supply Depot  
  76  19:36  Starport Tech Lab  
  67  19:41  Supply Depot  
  67  19:42  SCV  
  67  19:47  Command Center  
  67  19:48  Cyclone  
  71  19:59  SCV  
  61  20:43  Thor  
  61  20:47  Viking  
  69  20:51  Marine x2  
  69  20:57  Marauder  
  70  21:22  Refinery  
  70  21:26  Refinery  
  70  21:27  Marauder  
  58  21:33  Siege Tank  
  61  21:41  Factory Tech Lab  
  61  21:43  Siege Tank  
  64  21:55  SCV  
  65  22:01  Factory  
  65  22:12  SCV  
  65  22:18  Siege Tank  
  69  22:27  Widow Mine  
  69  22:28  Cyclone  
  69  22:29  SCV  
  75  22:44  Terran Infantry Armor Level 1  
  75  22:46  SCV  
  75  22:47  Terran Vehicle Weapons Level 2  
  75  22:49  Terran Vehicle And Ship Armor Level 2  
  76  22:55  Engineering Bay  
  76  22:57  Widow Mine  
  69  23:03  Thor  
  66  23:16  Hellion  
  62  23:29  Siege Tank  
  52  24:32  Unknown  
  52  24:38  Missile Turret  
  49  25:24  Marauder  
  49  25:27  Siege Tank  
  54  26:11  Factory  
  54  26:12  Siege Tank  
  57  26:24  SCV  
  58  26:32  Unknown  
  58  26:51  Viking  
  58  26:54  Marauder, Siege Tank  
  58  26:57  Cyclone  
  65  27:07  Viking, Command Center  
  67  27:21  Fusion Core  
  67  27:24  Marauder  
  69  27:33  Viking  
  69  27:35  Factory  
  71  27:42  Cyclone  
  74  27:53  Marine  
  74  27:54  Marine  
  76  28:02  Thor  
Tags
 
Add a new tag
Caveats
  • Supply blocks, unpowered buildings, or Contaminate may cause inaccurate times.
  • Supply counts are checked every 10 seconds.